 Dungeon Crawl Stone Soup version 0.27.0-1-g7a089689b8 (webtiles) character file.

Game seed: 13944189976738969483

445 SnakkuSnakku7 the Carver (level 7, 0/52 HPs)
             Began as a Barachi Chaos Knight on Aug 2, 2021.
             Was a Plaything of Xom.
             Slain by a gnoll (12 damage)
             ... on level 4 of the Dungeon.
             The game lasted 00:04:36 (4567 turns).

SnakkuSnakku7 the Carver (Barachi Chaos Knight)     Turns: 4567, Time: 00:04:36

Health: 0/52       AC:  5    Str: 16    XL:     7   Next: 3%
Magic:  7/7        EV: 11    Int: 12    God:    Xom [......]
Gold:   143        SH:  0    Dex: 11    Spells: 6/6 levels left

rFire    . . .     SeeInvis .   a - +0 falchion (chaos)
rCold    . . .     Faith    .   (no shield)
rNeg     . . .     Spirit   .   b - +2 leather armour
rPois    .         Reflect  .   (no helmet)
rElec    .         Harm     .   (no cloak)
rCorr    .         Rampage  .   (no gloves)
Will     .....                  (no boots)
Stlth    +.........             (no amulet)
HPRegen  0.17/turn              (no ring)
MPRegen  0.10/turn              (no ring)

@: unable to hop, slow
A: amphibious, slowness 1, strong legs 1, +LOS
a: Hop, Renounce Religion


You were on level 4 of the Dungeon.
You worshipped Xom.
You were a very special plaything of Xom.
You visited 1 branch of the dungeon, and saw 4 of its levels.

You collected 143 gold pieces.

Inventory:

Hand Weapons
 a - a +0 falchion of chaos (weapon)
Armour
 b - a +2 leather armour (worn)
Wands
 m - a wand of flame (16)
Scrolls
 d - a scroll of immolation {unknown}
 e - a scroll of fog
 f - a scroll of blinking {unknown}
 j - a scroll of teleportation {unknown}
 k - 4 scrolls of identify {unknown}
Potions
 c - 3 potions of attraction {unknown}
 h - 2 potions of curing
 i - 2 potions of might {unknown}
 l - a potion of berserk rage {unknown}
 n - a potion of brilliance {unknown}


   Skills:
 - Level 3.6 Fighting
 + Level 9.2 Long Blades
 - Level 2.4 Armour
 - Level 1.1 Dodging


You had 6 spell levels left.
You didn't know any spells.
Your spell library contained the following spells:

 Spells                   Type           Power      Damage    Failure   Level
 Beastly Appendage        Tmut           0%         N/A       36%         1
 Slow                     Hex            0%         N/A       52%         2
 Wereblood                Tmut           0%         N/A       52%         2
 Confusing Touch          Hex            0%         N/A       75%         3
 Ignite Poison            Fire/Tmut/Pois 0%         N/A       75%         3
 Mephitic Cloud           Conj/Pois/Air  0%         N/A       75%         3
 Spider Form              Tmut/Pois      0%         N/A       75%         3
 Vampiric Draining        Necr           0%         2d6       75%         3
 Olgreb's Toxic Radiance  Pois           0%         N/A       98%         4
 Alistair's Intoxication  Tmut/Pois      0%         N/A       100%        5


Dungeon Overview and Level Annotations

Branches:
Dungeon (4/15)             Temple (0/1) D:4

Altars:
Hepliaklqana
Xom
The Shining One


Innate Abilities, Weirdness & Mutations

You are amphibious.
You cover ground slowly.
You can hop short distances.
You have an extended range of vision and can be seen from far away.


Message History

Hop to where?
Press: ? - help, Dir - move target, p - gnoll shaman Boing!
As you read the scroll labelled SEISSETWU DIAK, it crumbles to dust.
The scroll dissolves into smoke.
It was a scroll of fog.
You feel much better. The gnoll closely misses you.
The gnoll hits you from afar with a +0 halberd!
The gnoll shaman hits you with a +1 whip of electrocution.
* * * LOW HITPOINT WARNING * * *
The gnoll hits you from afar with a +0 halberd!
* * * LOW HITPOINT WARNING * * *
Aiming: Throw Flame
Press: ? - help, Shift-Dir - straight line, f - gnoll
Aim: a gnoll, wielding a +0 halberd (grey smoke, 72% to hit)
The puff of flame misses the gnoll.
The gnoll shouts!
The gnoll barely misses you.
Unknown command.
You hit the gnoll shaman but do no damage.
The gnoll shaman changes into a shapeshifter!
The shapeshifter is lightly wounded.
The shapeshifter changes into a golden eye!
The gnoll throws a throwing net.
The throwing net closely misses you.
Unknown command.
The golden eye blinks at you.
You are confused.
The golden eye blinks!
The golden eye blinks at you.
You are more confused.
It was a potion of curing.
You feel better.
Xom is highly amused!
You are no longer glowing.
The gnoll hits you but does no damage. The gnoll hits you with a +0 club.
* * * LOW HITPOINT WARNING * * *
Unknown command.
The gnoll hits you with a +0 club.
* * * LOW HITPOINT WARNING * * *
The golden eye blinks!
The gnoll hits you with a +0 halberd!
You die...
Xom giggles madly!

##..............#
#..###...#....... #.##
#.#...##..#. #.#
##.###..#..#. #.# #..#
#....... #.###.#####......
##.##§§#..........
#..##§§§g##...###.
############@###gg§....### ##
#.......##.§ggg§§§§##########
#.......##.#(..######........
#..............g....g..<.....
#..................##........
#............................
#.........#..⌠..#.........)..
#......G.##.....##...........
####....##..#.#..##..........


You could see 4 gnolls and a golden eye shaped shifter.

Vanquished Creatures
  A tengu (shapeshifter) (D:2)
  A necrophage (D:3)
  An ogre (D:4)
  2 orc priests
  2 centaur skeletons (D:4)
  An adder (D:4)
  A gnoll (D:3)
  A worm (D:2)
  3 orcs
  2 ball pythons
  3 bats
  6 endoplasms
  3 giant cockroaches
  6 goblins
  6 hobgoblins
  4 jackals
  9 kobolds
  A quokka (D:3)
  4 frilled lizards
  7 rats
64 creatures vanquished.

Notes
Turn   | Place    | Note
-------+----------+-------------------------------------------
     0 | D:1      | SnakkuSnakku7 the Barachi Chaos Knight began the quest for
                  | the Orb.
     0 | D:1      | Reached XP level 1. HP: 18/18 MP: 1/1
   226 | D:1      | Found a faded altar of an unknown god.
   261 | D:1      | Reached skill level 4 in Long Blades
   314 | D:1      | Reached XP level 2. HP: 23/24 MP: 2/2
   773 | D:2      | XOM: silly message
  1011 | D:2      | XOM: divination: magic mapping
  1063 | D:2      | Reached skill level 5 in Long Blades
  1063 | D:2      | Reached XP level 3. HP: 29/29 MP: 3/3
  1086 | D:2      | XOM: smoke on damage
  1123 | D:2      | XOM: silly message
  1382 | D:2      | Noticed a shapeshifter
  1382 | D:2      | a dart slug changed into a shapeshifter
  1382 | D:2      | Noticed a human
  1382 | D:2      | a shapeshifter changed into a human
  1387 | D:2      | Noticed a shapeshifter
  1387 | D:2      | a human changed into a shapeshifter
  1388 | D:2      | Noticed a basilisk
  1388 | D:2      | a shapeshifter changed into a basilisk
  1393 | D:2      | XOM: divination: magic mapping
  1409 | D:2      | Noticed a naga
  1409 | D:2      | a basilisk changed into a naga
  1411 | D:2      | Noticed a fire bat
  1411 | D:2      | a naga changed into a fire bat
  1412 | D:2      | Noticed a tengu
  1412 | D:2      | a fire bat changed into a tengu
  1417 | D:2      | XOM: divination: detect items
  1420 | D:2      | XOM: potion effect (invisibility)
  1430 | D:2      | XOM: divination: magic mapping
  1433 | D:2      | HP: 1/29 [tengu (shapeshifter) (7)]
  1435 | D:2      | Killed a tengu
  1436 | D:2      | Reached skill level 6 in Long Blades
  1436 | D:2      | Reached XP level 4. HP: 1/36 MP: 4/4
  1436 | D:2      | Reached XP level 5. HP: 2/41 MP: 5/5
  1471 | D:2      | XOM: silly message
  1682 | D:2      | XOM: noise
  2264 | D:3      | XOM: silly message
  2306 | D:2      | Reached skill level 7 in Long Blades
  2440 | D:2      | XOM: scenery: create altars
  2783 | D:3      | XOM: silly message
  2933 | D:3      | Found a hazy altar of Hepliaklqana.
  3135 | D:3      | XOM: enchant monster (good)
  3228 | D:3      | XOM: 1-stop teleportation journey
  3229 | D:3      | Noticed a necrophage
  3252 | D:3      | Killed a necrophage
  3253 | D:3      | Reached skill level 8 in Long Blades
  3253 | D:3      | Reached XP level 6. HP: 28/47 MP: 6/6
  3399 | D:3      | XOM: silly message
  3883 | D:4      | Found a glowing golden altar of the Shining One.
  4013 | D:4      | XOM: summons 4 hostile demons
  4014 | D:4      | Noticed a chaos spawn
  4014 | D:4      | Noticed a rust devil
  4181 | D:4      | Reached skill level 9 in Long Blades
  4354 | D:3      | Reached XP level 7. HP: 48/52 MP: 7/7
  4378 | D:4      | Found a staircase to the Ecumenical Temple.
  4460 | D:4      | XOM: noise
  4513 | D:4      | Got the Compendium of Causality
  4550 | D:4      | XOM: smoke on damage
  4562 | D:4      | Noticed a shapeshifter
  4562 | D:4      | a gnoll shaman changed into a shapeshifter
  4562 | D:4      | Noticed a golden eye
  4562 | D:4      | a shapeshifter changed into a golden eye
  4567 | D:4      | Slain by a gnoll

Illustrated notes

Levels and vault maps discovered:
D:1:      giann_horns, layout_basic, dreamdust_ecumenical_altar_statues
D:2:      layout_basic, minmay_cupped
D:3:      layout_loops_cross, mainiacjoe_overflow_24_doors,
          kennysheep_generic_room_9
D:4:      layout_rooms, eat_drink_and_be_merry_uskayaw,
          nicolae_tso_carved_into_rock, minmay_temple_entry_waves

Skill      XL: |  1  2  3  4  5  6 |
---------------+-------------------+-----
Long Blades    | 4 5 6 8 9 |  9.2
Fighting       | |  3.6
Armour         | |  2.4
Dodging        | |  1.1

Action                   |  1- 3 |  4- 6 |  7- 9 || total
-------------------------+-------+-------+-------++-------
Melee: Falchion          |   109 |   104 |    16 ||   229
 Abil: Hop               |     1 |     2 |     1 ||     4
Evoke: Wand              |       |     4 |     3 ||     7
  Use: Potion            |       |       |     2 ||     2
       Scroll            |       |       |     1 ||     1
 Stab: Invisible         |     1 |       |       ||     1
       Petrified         |       |     2 |       ||     2
       Confused          |       |     1 |       ||     1
Armor: Leather armour    |    57 |    26 |     3 ||    86
Dodge: Dodged            |    77 |    60 |     7 ||   144
       Rpst.: Falchion   |    21 |    17 |     3 ||    41
